 Dungeon Crawl Stone Soup version 0.22.1-2-g9c5b331 (webtiles) character file.

112 HoaS the Ruffian (level 4, -4/29 HPs)
             Began as a Gargoyle Berserker on Dec 31, 2018.
             Was a Believer of Trog.
             Slain by a phantom (5 damage)
             ... on level 4 of the Dungeon.
             The game lasted 00:06:10 (2695 turns).

HoaS the Ruffian (Gargoyle Berserker)               Turns: 2695, Time: 00:06:11

Health: -4/29      AC:  7    Str: 20    XL:     4   Next: 93%
Magic:  4/4        EV: 12    Int:  8    God:    Trog [**....]
Gold:   108        SH:  0    Dex: 10    Spells: 3/3 levels left

rFire    . . .     SeeInvis .     - Unarmed
rCold    . . .     Gourm    .   (no shield)
rNeg     + . .     Faith    .   c - +0 leather armour
rPois    ∞         Spirit   .   (no helmet)
rElec    +         Reflect  .   (no cloak)
rCorr    .         Harm     .   (no gloves)
MR       .....                  (no boots)
Stlth    +.........             (no amulet)
HPRegen  0.09/turn              (no ring)
MPRegen  0.09/turn              (no ring)

@: no status effects
A: negative energy resistance 1, electricity resistance, unbreathing,
petrification resistance, rot immunity, AC +3
a: Berserk, Trog's Hand, Renounce Religion


You were on level 4 of the Dungeon.
You worshipped Trog.
Trog was pleased with you.
You were not hungry.

You visited 1 branch of the dungeon, and saw 4 of its levels.

You collected 108 gold pieces.

Inventory:

Armour
 c - a +0 leather armour (worn)
 e - a +0 plate armour
Scrolls
 d - 3 scrolls of identify
 f - 2 scrolls of remove curse
 i - a scroll of magic mapping {unknown}
 j - a scroll of amnesia {unknown}
Potions
 g - 2 potions of curing
 h - a potion of flight {unknown}
Comestibles
 a - 2 chunks of flesh
 b - 5 rations


   Skills:
 + Level 4.0 Fighting
 + Level 3.0 Armour
 + Level 2.2 Dodging
 * Level 4.1 Unarmed Combat


You had 3 spell levels left.
You didn't know any spells.
Your spell library was empty.

Dungeon Overview and Level Annotations

Branches:
Dungeon (4/15)
 Temple: D:4-7

Altars:


Innate Abilities, Weirdness & Mutations

You are resistant to torment.
Your stone body is resilient. (AC +3)
You are immune to poison.
You resist negative energy. (rN+)
You are resistant to electric shocks. (rElec)
You can survive without breathing.
You are immune to petrification.
You are immune to rotting.


Message History

You miss the phantom.
The phantom is almost destroyed.
The phantom hits you.
* * * LOW HITPOINT WARNING * * *
You closely miss the phantom.
The phantom is almost destroyed.
The phantom hits you but does no damage.
You closely miss the phantom.
The phantom is almost destroyed.
You closely miss the phantom.
The phantom is almost destroyed.
The phantom hits you!
* * * LOW HITPOINT WARNING * * *
You hit the phantom.
The phantom is almost destroyed.
The phantom hits you but does no damage.
You closely miss the phantom.
The phantom is almost destroyed.
The phantom hits you.
You die...

#.#.# #.#.# #.#g#######
##### ..#.......# ### #....
###########.##########.#
#.###
#.(....................# #.#
#.########...#########W###.#
#.##<# #.......<...#.....#
#.##.# #...@.##.#.########
#.##.# #...W....#.# #.##.#
#...######.#
#.##.#####..........#
#.#........#.########
#.##########.# #.# #.#
#.##########.#
#............#


You could see a phantom.

Vanquished Creatures
  An iguana (D:3)
  2 gnolls
  An adder (D:2)
  A worm (D:3)
  4 dart slugs
  3 leopard geckos
  An orc (D:3)
  2 giant cockroaches
  3 hobgoblins (D:1)
  4 jackals (D:1)
  A quokka (D:2)
  2 bats
  A frilled lizard (D:3)
  6 goblins
  4 kobolds
  6 rats
42 creatures vanquished.

Notes
Turn   | Place    | Note
-------+----------+-------------------------------------------
     0 | D:1      | HoaS the Gargoyle Berserker began the quest for the Orb.
     0 | D:1      | Reached XP level 1. HP: 14/14 MP: 1/1
    52 | D:1      | Reached XP level 2. HP: 19/19 MP: 2/2
   393 | D:1      | Reached XP level 3. HP: 14/23 MP: 3/3
   441 | D:1      | Reached ** piety under Trog
  1671 | D:3      | Reached XP level 4. HP: 8/29 MP: 4/4
  2504 | D:4      | Noticed a phantom
  2693 | D:4      | HP: 1/29 [phantom (7)]
  2695 | D:4      | Slain by a phantom

Skill      XL: |  1  2  3  4 |
---------------+-------------+-----
Dodging        | 2 |  2.2
Unarmed Combat | 4 |  4.1
Fighting       | 4 |  4.0
Armour         | 3 |  3.0

Action                   |  1- 3 |  4- 6 || total
-------------------------+-------+-------++-------
Melee: Unarmed           |   105 |    99 ||   204
       Punch             |     1 |     2 ||     3
  Use: Scroll            |     3 |       ||     3
  Eat: Chunk             |     1 |     1 ||     2
       Ration            |       |     1 ||     1
Armor: Animal skin       |    36 |       ||    36
       Leather armour    |     1 |    19 ||    20
Dodge: Dodged            |    61 |    44 ||   105
